 Dungeon Crawl Stone Soup version 0.27.0-1-g7a089689b8 (webtiles) character file.

Game seed: 4498608215532843806

1672 MajorAdolf the Covert (level 9, -1/70 HPs)
             Began as a Naga Wanderer on Aug 7, 2021.
             Blown up by Duvessa (19 damage)
             ... with a mindburst bolt
             ... on level 5 of the Dungeon on Aug 8, 2021.
             The game lasted 00:20:15 (9222 turns).

MajorAdolf the Covert (Naga Wanderer)               Turns: 9222, Time: 00:20:16

Health: -1/70      AC: 11    Str: 18    XL:     9   Next: 1%
Magic:  13/19      EV:  8    Int: 16    God:
Gold:   179        SH:  0    Dex:  7    Spells: 20/22 levels left

rFire    + . .     SeeInvis +   b - staff of conjuration
rCold    + . .     Faith    .   (no shield)
rNeg     . . .     Spirit   .   h - +2 ring mail {rC+}
rPois    +         Reflect  .   (no helmet)
rElec    .         Harm     .   (no cloak)
rCorr    .         Rampage  .   (no gloves)
Will     +....                  (no barding)
Stlth    ++++......             (no amulet)
HPRegen  0.21/turn              j - ring of protection from fire
MPRegen  0.16/turn              q - +4 ring of protection

@: very slow
A: AC +3, large, see invisible, deformed body, poison resistance, slowness 2,
spit poison 1, naga tail 1
a: Spit Poison


You were on level 5 of the Dungeon.
You visited 1 branch of the dungeon, and saw 5 of its levels.

You collected 179 gold pieces.

Inventory:

Hand Weapons
 a - a +2 spear
 g - a +5 great sword of draining
 s - a +2 dagger of venom
Armour
 h - a +2 ring mail of cold resistance (worn)
Magical Staves
 b - a staff of conjuration (weapon)
Jewellery
 j - a ring of protection from fire (left hand)
 q - a +4 ring of protection (right hand)
Wands
 r - a wand of flame (18)
Scrolls
 d - a scroll of identify
 e - 2 scrolls of noise
 m - a scroll of teleportation
Potions
 c - a potion of ambrosia
 f - 2 potions of experience {unknown}
 i - a potion of curing
 k - 2 potions of brilliance
 l - 2 potions of might
 n - a potion of attraction {unknown}
 p - 2 potions of lignification {unknown}


   Skills:
 - Level 1.0 Fighting
 - Level 1.0 Dodging
 + Level 12.3 Stealth
 + Level 7.2 Spellcasting
 + Level 5.5 Conjurations


You had 20 spell levels left.
You knew the following spells:

 Your Spells              Type           Power      Damage    Failure   Level
a - Searing Ray           Conj           70%        3d5       3%          2

Your spell library contained the following spells:

 Spells                   Type           Power      Damage    Failure   Level
 Static Discharge         Conj/Air       21%        N/A       11%         2
 Conjure Flame            Conj/Fire      21%        6-21      22%         3
 Corpse Rot               Necr/Air       N/A        N/A       32%         2
 Sublimation of Blood     Necr           2%         N/A       32%         2
 Ignite Poison            Fire/Tmut/Pois 5%         N/A       54%         3
 Sticky Flame             Conj/Fire      21%        2d4       56%         4


Dungeon Overview and Level Annotations

Branches:
Dungeon (5/15)
 Temple: D:4-7

Altars:
Elyvilon
Vehumet

Annotations:
D:5 exclusion: statue, Dowan, Duvessa


Innate Abilities, Weirdness & Mutations

Your serpentine skin is tough. (AC +3)
You have supernaturally acute eyesight. (SInv)
Armour fits poorly on your strangely shaped body.
Your system is resistant to poisons. (rPois)
You cover ground very slowly.
You can spit poison.
You have a snake-like lower body.


Message History

The searing ray hits Dowan!
Dowan is heavily wounded. (Press . to maintain the ray.) Duvessa zaps a wand.
Your mind is blasted!
Duvessa hits you with a +0 short sword.
Unknown command.
The searing ray hits Duvessa!
Duvessa is heavily wounded.
The searing ray hits Dowan.
Dowan is severely wounded.
Dowan gestures wildly while chanting.
Dowan blinks!
Duvessa hits you but does no damage.
Unknown command.
The searing ray misses Duvessa.
Duvessa hits you with a +0 short sword! Duvessa hits you with a +0 short sword.
Unknown command.
The searing ray hits Duvessa.
Duvessa is severely wounded.
You finish channeling your searing ray.
Dowan gestures wildly while chanting.
Dowan blinks!
Duvessa hits you but does no damage.
Casting: Searing Ray (safe; 3% risk of failure)
Confirm with . or Enter, or press ? or * to list all spells.
Aiming: Searing Ray (safe; 3% risk of failure)
Press: ? - help, Shift-Dir - straight line, f - Duvessa, p - Dowan
Aim: Duvessa, wielding a +0 short sword, wearing a +3 leather armour of fire resistance and carrying a wand of mindburst (14) (severely wounded, fast, 83% to hit)
You feel a surge of power!
The searing ray misses Duvessa. (Press . to maintain the ray.) Duvessa zaps a wand.
Your mind is blasted!
* * * LOW HITPOINT WARNING * * *
Duvessa closely misses you.
Unknown command.
Unknown command.
You feel better.
Unknown command.
You feel better.
Duvessa zaps a wand.
Your mind is blasted!
* * * LOW HITPOINT WARNING * * *
Dowan gestures wildly while chanting.
Dowan blinks!
Duvessa zaps a wand.
Your mind is blasted!
You die...

........................#........
....###............[....#......#.
...##........................###.
......<..............ยง......##
#. ...............##..........##
##. ..##.#.........###.........#
##..
...###..##..#..###.........###...
...#...##...#..#e......#....###..
#...............@###..###....###.
####....#.........##....#......#.
##...###.......................
#.....>........................
###....#....#.##..........#####
##...#.##...#...........# #
.###...#.................P# #
...........................+ #
.#........................P# #


You could see Duvessa (fast).

Vanquished Creatures
  Eustachio (D:5)
  A sky beast (D:5)
  An ice beast (D:5)
  A necrophage (D:4)
  An ogre (D:3)
  A centaur (D:5)
  A wyvern skeleton (D:5)
  2 scorpions
  4 wights (D:3)
  A howler monkey (D:3)
  A bullfrog zombie (D:5)
  4 hounds
  2 jellies
  Ijyb (D:4)
  An iguana (D:5)
  A hound skeleton (D:5)
  6 adders
  22 gnolls
  4 dart slugs
  2 worms (D:2)
  24 orcs
  7 ball pythons
  6 bats
  6 endoplasms
  9 goblins
  10 hobgoblins
  20 jackals
  4 quokkas
  3 frilled lizards
  8 kobolds
  3 rats
158 creatures vanquished.

Vanquished Creatures (others)
  5 plants (D:3)
5 creatures vanquished.

Grand Total: 163 creatures vanquished

Notes
Turn   | Place    | Note
-------+----------+-------------------------------------------
     0 | D:1      | MajorAdolf the Naga Wanderer began the quest for the Orb.
     0 | D:1      | MajorAdolf set off with the following items: a +2 spear, a
                  | +0 robe, a +0 dagger; and the following spells available to
                  | memorise: Corpse Rot, Searing Ray, Static Discharge,
                  | Sublimation of Blood
     0 | D:1      | Reached XP level 1. HP: 18/18 MP: 6/6
   222 | D:1      | Reached skill level 5 in Stealth
   313 | D:1      | Reached XP level 2. HP: 25/25 MP: 8/8
   706 | D:1      | Reached skill level 6 in Stealth
  1453 | D:2      | Reached XP level 3. HP: 31/31 MP: 9/9
  1635 | D:2      | Reached skill level 7 in Stealth
  1719 | D:2      | Reached XP level 4. HP: 11/38 MP: 11/11
  2120 | D:2      | Reached skill level 8 in Stealth
  2955 | D:3      | Reached XP level 5. HP: 44/44 MP: 12/12
  3528 | D:3      | Reached skill level 9 in Stealth
  3735 | D:3      | Learned a level 2 spell: Searing Ray
  4263 | D:3      | Reached skill level 1 in Conjurations
  4263 | D:3      | Reached XP level 6. HP: 36/51 MP: 13/13
  5129 | D:3      | Reached skill level 10 in Stealth
  5142 | D:3      | Reached XP level 7. HP: 39/57 MP: 6/15
  6707 | D:4      | Reached XP level 8. HP: 62/64 MP: 9/17
  6957 | D:4      | Noticed Ijyb
  6963 | D:4      | Killed Ijyb
  6964 | D:4      | Reached skill level 11 in Stealth
  7068 | D:4      | Found a white marble altar of Elyvilon.
  7451 | D:5      | Entered Level 5 of the Dungeon
  7644 | D:5      | Noticed Duvessa
  8143 | D:5      | Noticed Dowan
  8568 | D:5      | Reached skill level 5 in Conjurations
  8642 | D:5      | Noticed Eustachio
  8656 | D:5      | Killed Eustachio
  8657 | D:5      | Reached skill level 12 in Stealth
  8785 | D:5      | Reached XP level 9. HP: 24/70 MP: 9/19
  9179 | D:5      | Found a radiant altar of Vehumet.
  9222 | D:5      | Blown up by Duvessa

Illustrated notes

Levels and vault maps discovered:
D:1:      heliophobic_arrival_henge, layout_rooms, serial_bayou_ford_a,
          chequers_mini_garden
D:2:      layout_rooms, minmay_goblin_outpost
D:3:      lemuel_castle_with_subvaults [lemuel_castle_interior_carwin_2],
          layout_basic
D:4:      layout_loops_cross, mainiacjoe_overflow_tiny_flanked, uniq_ijyb
D:5:      layout_cave_pools, vehumet_statue, grunt_decor_one_mirror,
          supply_closet_lemuel, cheibrodos_gnoll_hut, uniq_duvessa,
          uniq_eustachio

Skill      XL: |  1  2  3  4  5  6  7  8 |
---------------+-------------------------+-----
Stealth        | 5 6 7 8 9 10 12 | 12.3
Conjurations   | 1 2 3 5 |  5.5
Spellcasting   | 6 7 |  7.2
Fighting       | |  1.0
Dodging        | |  1.0

Action                   |  1- 3 |  4- 6 |  7- 9 || total
-------------------------+-------+-------+-------++-------
Melee: Spear             |    94 |   190 |     2 ||   286
       Staff             |       |       |    75 ||    75
 Cast: Searing Ray       |       |    11 |    48 ||    59
 Abil: Spit Poison       |    18 |    31 |    23 ||    72
  Use: Scroll            |       |       |     9 ||     9
       Potion            |       |       |     4 ||     4
 Stab: Sleeping          |     2 |     4 |       ||     6
       Distracted        |     1 |     1 |       ||     2
Armor: Robe              |     7 |       |       ||     7
       Scale mail        |     7 |       |       ||     7
       Ring mail         |     4 |    89 |    86 ||   179
Dodge: Dodged            |    33 |   101 |    87 ||   221
